 Dungeon Crawl Stone Soup version 0.18-b1-18-g7758cf2 (webtiles) character file.

6384 nikopol the Spear-Bearer (level 10, -17/91 HPs)
             Began as a Minotaur Berserker on May 2, 2016.
             Was a High Priest of Trog.
             Demolished by Erolcha
             ... wielding a +0 giant spiked club
              (18 damage)
             ... while paralysed by Erolcha
             ... on level 9 of the Dungeon.
             The game lasted 05:27:06 (7814 turns).

nikopol the Spear-Bearer (Minotaur Berserker)       Turns: 7814, Time: 05:27:07

Health: -17/91     AC:  8    Str: 23      XL:     10   Next: 65%
Magic:  18/18      EV:  2    Int:  4      God:    Trog [*****.]
Gold:   605        SH:  0    Dex: 11 (12) Spells: 0 memorised, 9 levels left

rFire  . . .     SeeInvis .     z - +2 scythe (slice)
rCold  . . .     Gourm    .     P - +1 leather armour {rPois}
rNeg   . . .     Faith    +     (shield currently unavailable)
rPois  +         Spirit   .     (helmet restricted)
rElec  .         Dismiss  .     w - +1 cloak
rCorr  .         Reflect  .     R - +0 pair of gloves
SustAt .         Harm     .     (no boots)
MR     .....                    n - amulet of faith
Stlth  +.........               (no ring)
                                f - ring of magical power

@: paralysed, not resistant to hostile enchantments, very unstealthy
A: retaliatory headbutt, horns 2
a: Berserk, Trog's Hand, Brothers in Arms, Burn Spellbooks, Renounce Religion


You were on level 9 of the Dungeon.
You worshipped Trog.
Trog was extremely pleased with you.
You were not hungry.

You visited 1 branch of the dungeon, and saw 9 of its levels.
You also visited: Sewer.

You collected 605 gold pieces.

Inventory:

Hand Weapons
 a - a +0 spear
 z - a +2 scythe of slicing (weapon)
Missiles
 G - a javelin of penetration (quivered)
 L - 5 poisoned javelins
Armour
 b - a +0 animal skin
 g - a +0 ring mail
 w - a +1 cloak (worn)
 E - a cursed +0 shield
 P - a +1 leather armour of poison resistance (worn)
 R - a +0 pair of gloves (worn)
Rods
 d - a +0 rod of inaccuracy (14/14)
   (You found it on level 4 of the Dungeon)
Jewellery
 f - a ring of magical power (left hand)
 n - an amulet of faith (around neck)
 B - an uncursed amulet of magic regeneration
 T - an uncursed ring of wizardry {unknown}
Wands
 j - a wand of confusion (30/48)
 o - a wand of random effects (40/48)
 D - a wand of confusion (24/48)
 I - a wand of teleportation (2/9)
 N - a wand of flame (21/48)
 S - a wand of iceblast (10/15)
Scrolls
 e - 6 scrolls of identify
 p - a scroll of blinking
 t - 4 scrolls of remove curse
 y - a scroll of magic mapping {unknown}
 C - 2 scrolls of enchant weapon {unknown}
 K - 3 scrolls of enchant armour
 M - 4 scrolls of teleportation
 O - a scroll of fear {unknown}
Potions
 i - a potion of magic {unknown}
 k - 6 potions of ambrosia
 l - a potion of berserk rage {unknown}
 q - 3 potions of brilliance {unknown}
 r - 2 potions of heal wounds {unknown}
 s - 2 potions of beneficial mutation {unknown}
 u - a potion of mutation {unknown}
 v - a potion of might {unknown}
 A - 3 potions of curing {unknown}
 F - a potion of agility {unknown}
 H - 2 potions of flight {unknown}
 J - 3 potions of lignification {unknown}
Comestibles
 c - 7 bread rations
 h - 9 beef jerkies
 m - 2 slices of pizza
 x - 2 meat rations
 Q - 3 fruits
 U - 4 chunks of flesh


   Skills:
 + Level 9.3 Fighting
 * Level 11.8 Polearms
 + Level 4.8 Throwing
 + Level 8.4 Armour
 + Level 8.1 Dodging


You had 9 spell levels left.
You didn't know any spells.

Dungeon Overview and Level Annotations

Branches:
Dungeon (9/15)             Temple (0/1) D:7
   Lair: D:8-11         Orc: D:9-12

Altars:
Fedhas
Kikubaaqudgha
Qazlal
Ru
Sif Muna
Trog
Zin
The Shining One

Shops:
D:8 ??*!

Annotations:
D:9 Erolcha


Innate Abilities, Weirdness & Mutations

You reflexively headbutt those who attack you in melee.
You have a pair of horns on your head.


Message History

You bump into the rock wall.
Erolcha closely misses you.
You hit Erolcha but do no damage. Your headbutt misses Erolcha.
Erolcha is severely wounded.
Erolcha casts a spell at you. The magic dart hits you!
Erolcha gestures at you while chanting.
You suddenly lose the ability to move!
You feel less confused.
Erolcha hits you with a giant spiked club!!
Erolcha casts a spell at you. You resist with some effort.
Erolcha hits you with a giant spiked club!
Erolcha hits you with a giant spiked club!!
* * * LOW HITPOINT WARNING * * *
Erolcha hits you with a giant spiked club.
* * * LOW HITPOINT WARNING * * *
Erolcha hits you with a giant spiked club!!
* * * LOW HITPOINT WARNING * * *
Erolcha hits you with a giant spiked club!!
You die...

..#.#.....# #...#
#.#.#.....############
#....
#.#.#................
.....
..................>
......
#.#.##.#########.# .
#.#.##.....#.....# .
..#.######.#.###.# .
###.# #...#...#.# .
....# #.#####.#@# .
##### #.......#O# .
..# #.#####.#.# .
..######...# ..#.# .
.......###.# ###.# .
...........# ... .
......###### ### .
###...# # #...#


You could see Erolcha.

Vanquished Creatures
  Erica (D:8)
  Pikel (D:6)
  Psyche (D:8)
  Grinder (D:4)
  Sigmund (D:3)
  A hippogriff (D:7)
  2 water moccasins (D:8)
  3 orc warriors
  A slave (D:6)
  2 ice beasts
  3 sky beasts
  3 necrophages (D:7)
  A phantom (D:5)
  7 ogres
  2 crocodiles
  A wyvern zombie (D:7)
  5 giant frogs
  A water moccasin zombie (D:5)
  A killer bee (D:6)
  5 wights (D:7)
  2 vampire bats (D:8)
  A howler monkey (D:7)
  4 crimson imps
  3 jellies
  2 quasits
  A giant frog zombie (D:8)
  2 centaur zombies (D:7)
  3 orc priests
  4 hounds
  7 orc wizards
  A centaur skeleton (D:7)
  Jessica (D:3)
  10 worker ants
  Natasha (twice) (D:4)
  4 iguanas
  2 worker ant zombies (D:7)
  A howler monkey skeleton (D:4)
  A howler monkey zombie (D:8)
  14 gnolls
  11 adders
  A shadow imp (D:8)
  An adder zombie (D:6)
  2 worms
  2 dart slugs
  4 giant geckos
  18 orcs
  14 bats
  4 giant cockroaches
  A goblin (D:2)
  6 hobgoblins
  A jackal (D:6)
  5 kobolds
  9 quokkas
  3 ball pythons
  6 giant newts
  2 jackal skeletons
  2 quokka zombies
  2 rats
  A bush (D:7)
203 creatures vanquished.

Vanquished Creatures (others)
  A kraken (D:1)
  A ghoul (D:1)
  A draconian (D:1)
  2 octopodes (D:1)
  A gargoyle (D:1)
  An elf (D:1)
  3 spriggans (D:1)
  A centaur (D:1)
  Natasha (D:6)
  A hound zombie (D:6)
  A mummy (D:1)
  An adder skeleton (D:6)
  An orc (D:1)
  2 plants (D:7)
  6 tentacles (D:1)
  69 tentacle segments (D:1)
93 creatures vanquished.

Grand Total: 296 creatures vanquished

Notes
Turn   | Place    | Note
--------------------------------------------------------------
     0 | D:1      | nikopol the Minotaur Berserker began the quest for the Orb.
     0 | D:1      | Reached XP level 1. HP: 19/19 MP: 0/0
     2 | D:1      | Noticed an octopode
     2 | D:1      | Noticed a ghoul
     2 | D:1      | Noticed a centaur
     2 | D:1      | Noticed a centaur
     2 | D:1      | Noticed a minotaur
     2 | D:1      | Noticed a draconian
     2 | D:1      | Noticed a kraken
     2 | D:1      | Noticed a draconian
     2 | D:1      | Noticed a gargoyle
     2 | D:1      | Noticed a spriggan
     2 | D:1      | Noticed a spriggan
     2 | D:1      | Noticed a spriggan
     2 | D:1      | Noticed an elf
     2 | D:1      | Noticed an octopode
     6 | D:1      | Killed an octopode
     9 | D:1      | Killed a spriggan
     9 | D:1      | Killed a centaur
    10 | D:1      | Killed a draconian
    10 | D:1      | Killed a spriggan
    11 | D:1      | Killed a spriggan
    12 | D:1      | Killed an elf
    13 | D:1      | Killed a gargoyle
    14 | D:1      | Killed a ghoul
    15 | D:1      | Killed an octopode
    16 | D:1      | Killed a kraken
   228 | D:1      | Reached XP level 2. HP: 27/27 MP: 1/1
   574 | D:2      | Reached skill level 4 in Polearms
   574 | D:2      | Reached XP level 3. HP: 33/33 MP: 2/2
   715 | D:2      | Reached ** piety under Trog
   870 | D:2      | Reached XP level 4. HP: 38/40 MP: 3/3
  1025 | D:3      | Noticed Jessica
  1037 | D:3      | Killed Jessica
  1198 | D:3      | Reached XP level 5. HP: 15/47 MP: 4/4
  1523 | D:3      | Found a bloodstained altar of Trog.
  1713 | D:3      | Noticed Sigmund
  1734 | D:3      | Killed Sigmund
  1734 | D:3      | Reached skill level 5 in Fighting
  1734 | D:3      | Reached skill level 5 in Polearms
  1734 | D:3      | Reached XP level 6. HP: 55/56 MP: 5/5
  2183 | D:4      | Found a glowing golden altar of the Shining One.
  2193 | D:4      | Reached skill level 6 in Polearms
  2193 | D:4      | Reached XP level 7. HP: 19/62 MP: 6/6
  2230 | D:4      | Noticed Natasha
  2233 | D:4      | Killed Natasha
  2233 | D:4      | Reached *** piety under Trog
  2368 | D:4      | Noticed Grinder
  2378 | D:4      | Killed Grinder
  2378 | D:4      | Reached skill level 7 in Polearms
  2378 | D:4      | Reached skill level 5 in Armour
  2378 | D:4      | Reached skill level 5 in Dodging
  2390 | D:4      | Found a glowing drain.
  2398 | Sewer    | Entered a sewer
  2722 | D:4      | Noticed Natasha
  2725 | D:4      | Killed Natasha
  2815 | D:4      | Reached XP level 8. HP: 71/71 MP: 7/7
  2861 | D:4      | Found a stormy altar of Qazlal.
  3104 | D:5      | Entered Level 5 of the Dungeon
  3450 | D:5      | Reached skill level 8 in Polearms
  3596 | D:5      | Reached skill level 1 in Throwing
  3763 | D:6      | Found an ancient bone altar of Kikubaaqudgha.
  3788 | D:6      | Noticed Pikel
  3801 | D:6      | Killed Pikel
  3801 | D:6      | Reached skill level 9 in Polearms
  3995 | D:6      | Reached XP level 9. HP: 72/79 MP: 8/8
  4032 | D:6      | Reached **** piety under Trog
  4176 | D:6      | Received a gift from Trog
  4208 | D:6      | Killed Natasha
  4902 | D:7      | Found a staircase to the Ecumenical Temple.
  4964 | D:7      | Found a blossoming altar of Fedhas.
  5121 | D:7      | Reached skill level 10 in Polearms
  5638 | D:7      | Found a deep blue altar of Sif Muna.
  5735 | D:7      | Received a gift from Trog
  6018 | D:7      | Found a glowing silver altar of Zin.
  6545 | D:7      | Reached XP level 10. HP: 90/90 MP: 9/9
  6629 | D:8      | Found Comuusu's Magic Scroll Shoppe.
  6630 | D:8      | Found Boecluh's Magic Scroll Shoppe.
  6657 | D:8      | Found Cateh's Distillery.
  6686 | D:8      | Reached skill level 11 in Polearms
  6968 | D:8      | Noticed Psyche
  6972 | D:8      | Killed Psyche
  7049 | D:8      | Found Kaseacan's Assorted Antiques.
  7088 | D:8      | Reached ***** piety under Trog
  7356 | D:8      | Received a gift from Trog
  7363 | D:8      | Noticed Erica
  7374 | D:8      | Killed Erica
  7745 | D:9      | Found a sacrificial altar of Ru.
  7800 | D:9      | Noticed Erolcha
  7808 | D:9      | Paralysed by Erolcha for 7 turns
  7813 | D:9      | HP: 1/91 [Erolcha/giant spiked club (21)]
  7814 | D:9      | Demolished by Erolcha

Skill      XL: |  1  2  3  4  5  6  7  8  9 10 |
---------------+-------------------------------+-----
Polearms       | 4 5 6 7 9 10 11 | 11.8
Dodging        | 3 4 5 6 7 8 |  8.1
Fighting       | 4 5 6 7 8 9 |  9.3
Armour         | 3 4 5 6 7 8 |  8.4
Throwing       | 2 3 4 |  4.8

Action                   |  1- 3 |  4- 6 |  7- 9 | 10-12 || total
-------------------------+-------+-------+-------+-------++-------
Melee: Spear             |    64 |    74 |       |       ||   138
       Headbutt          |     8 |    17 |    31 |    24 ||    80
       Scythe            |       |    45 |   228 |   103 ||   376
Throw: Javelin           |       |       |    20 |    22 ||    42
Invok: Berserk           |     1 |     1 |     1 |       ||     3
       Burn Spellbooks   |       |     1 |     2 |       ||     3
  Use: Scroll            |       |    10 |       |       ||    10
 Stab: Sleeping          |     3 |     1 |       |       ||     4
  Eat: Chunk             |     1 |     5 |    15 |     5 ||    26
Armor: Animal skin       |     4 |    16 |       |       ||    20
       Ring mail         |       |     9 |   116 |       ||   125
       Leather armour    |       |       |       |    40 ||    40
Dodge: Dodged            |    18 |    72 |   227 |    84 ||   401
